 Dungeon Crawl Stone Soup version 0.29.1-15-g9cfb28693d (webtiles) character file.

Game seed: 15762873950258949683

118 bread123 the Ruffian (level 4, 0/35 HPs)
             Began as a Draconian Transmuter on May 29, 2023.
             Slain by Natasha (1 damage)
             ... on level 3 of the Dungeon.
             The game lasted 00:23:20 (2257 turns).

bread123 the Ruffian (Draconian Transmuter)         Turns: 2257, Time: 00:23:20

Health: 0/35       AC:  7    Str: 20    XL:     4   Next: 72%
Magic:  8/8        EV: 12    Int: 14    God:
Gold:   116        SH:  0    Dex: 11    Spells: 3/9 levels left

rFire   . . .      SeeInvis .     - Unarmed
rCold   . . .      Faith    .   (no shield)
rNeg    . . .      Spirit   .   (body armour unavailable)
rPois   .          Reflect  .   (helmet restricted)
rElec   .          Harm     .   (no cloak)
rCorr   .          Rampage  .   i - +0 pair of gloves
Will    .....                   o - +0 pair of boots
Stlth   ..........              (no amulet)
HPRegen 0.11/turn               d - +6 ring of strength
MPRegen 0.11/turn               (no ring)

@: silenced, slowed, very slow
A: AC +5, unfitting armour, cold-blooded
a: no special abilities


You were on level 3 of the Dungeon.
You visited 1 branch of the dungeon, and saw 3 of its levels.

You collected 140 gold pieces.
You spent 24 gold pieces at shops.

Inventory:

Hand Weapons
 m - a +0 flail
Missiles
 g - 4 poisoned darts (quivered)
 p - 4 stones
Armour
 i - a +0 pair of gloves (worn)
 o - a +0 pair of boots (worn)
Magical Staves
 j - a staff of death
 q - a staff of air
Jewellery
 d - a +6 ring of strength (left hand)
Wands
 l - a wand of flame (1)
Scrolls
 e - a scroll of magic mapping {unknown}
 k - a scroll of summoning {unknown}
 n - a scroll of noise {unknown}
Potions
 a - a potion of lignification
 b - 3 potions of heal wounds {unknown}
 c - a potion of attraction {unknown}
 f - a potion of mutation {unknown}


   Skills:
 + Level 1.1 Fighting
 + Level 2.5 Dodging
 + Level 0.2 Stealth
 + Level 3.8 Unarmed Combat
 + Level 3.2 Spellcasting
 + Level 2.4 Transmutations
 + Level 0.1 Poison Magic


You had 3 spell levels left.
You knew the following spells:

 Your Spells              Type           Power      Damage    Failure   Level
a - Beastly Appendage     Tmut           18%        N/A       8%          1
b - Wereblood             Tmut           9%         N/A       12%         2
c - Spider Form           Tmut/Pois      5%         N/A       36%         3

Your spell library contained the following spells:

 Spells                   Type           Power      Damage    Failure   Level
 Ensorcelled Hibernation  Hex/Ice        4%         N/A       32%         2
 Sublimation of Blood     Necr           2%         N/A       32%         2
 Ice Form                 Ice/Tmut       5%         N/A       77%         4
 Corpse Rot               Necr/Pois/Air  2%         N/A       90%         4
 Anguish                  Hex/Necr       1%         N/A       91%         4
 Dispel Undead            Necr           2%         3d7       91%         4
 Death Channel            Necr           1%         N/A       100%        6
 Summon Hydra             Summ           1%         N/A       100%        7


Dungeon Overview and Level Annotations

Branches:
Dungeon (3/15)

Altars:

Shops:
D:1 ?

Annotations:
D:3 Natasha


Innate Abilities, Weirdness & Mutations

Your plain brown scales are hard. (AC +5)
You cannot fit into any form of body armour.
You are cold-blooded and may be slowed by cold attacks.


Message History

Natasha is lightly wounded.
Natasha stares at you and mumbles some strange words.
The magic dart hits you! Natasha closely misses you.
You are too injured to fight recklessly!
You are too injured to fight recklessly!
You are too injured to fight recklessly!
You are too injured to fight recklessly!
You are too injured to fight recklessly!
You are too injured to fight recklessly!
You are too injured to fight recklessly!
You are too injured to fight recklessly!
Natasha stares at you and mumbles some strange words.
You resist with some effort.
An endoplasm comes into view.
Natasha stares at you and mumbles some strange words.
The magic dart hits you!
* * * LOW HITPOINT WARNING * * *
You see here a poisoned dart.
As you read the scroll labelled NAIFYS VIRALESU, it crumbles to dust.
A profound silence engulfs you.
It was a scroll of silence.
The endoplasm quivers.
Natasha claws you.
* * * LOW HITPOINT WARNING * * *
Magic scrolls do not work when you're silenced!
You barely miss Natasha.
Natasha is lightly wounded.
Natasha closely misses you. Natasha barely misses you.
You barely miss Natasha.
Natasha is lightly wounded.
Natasha barely misses you.
Magic scrolls do not work when you're silenced!
You hit Natasha.
Natasha is heavily wounded.
Natasha claws you but does no damage. Natasha claws you.
* * * LOW HITPOINT WARNING * * *
You barely miss Natasha.
Natasha is heavily wounded.
Natasha glows brightly for a moment.
Natasha claws you.
You die...

.......#####.##..####.
......................
.......#####.....[..##
##....................
#.....####....#....##
#.....#.......#..##..
#####.#..##.....## . .
..# #.#.#####.... ..
#...h@J..(...
#########.... .


You could see Natasha and an endoplasm (unsilenced).

Vanquished Creatures
  Terence (D:2)
  Natasha (D:3)
  2 adders
  A worm (D:3)
  An orc (D:2)
  4 ball pythons
  5 endoplasms
  2 giant cockroaches (D:1)
  3 hobgoblins
  3 kobolds
  A quokka (D:1)
  4 bats
  8 frilled lizards
  6 goblins
  2 rats
44 creatures vanquished.

Notes
Turn   | Place    | Note
-------+----------+-------------------------------------------
     0 | D:1      | bread123 the Draconian Transmuter began the quest for the
                  | Orb.
     0 | D:1      | Reached XP level 1. HP: 16/16 MP: 3/3
   262 | D:1      | Reached XP level 2. HP: 23/23 MP: 3/5
   287 | D:1      | Found Cuez's Magic Scroll Emporium.
   694 | D:1      | Bought a scroll of identify for 24 gold pieces
   698 | D:1      | Learned a level 2 spell: Wereblood
   767 | D:2      | Reached XP level 3. HP: 25/28 MP: 6/6
   772 | D:2      | Noticed Terence
  1273 | D:2      | Learned a level 3 spell: Spider Form
  1485 | D:2      | Killed Terence
  1621 | D:2      | Identified the +0 ring mail of Past Mistakes {Str+4}
  1727 | D:2      | Reached XP level 4. HP: 35/35 MP: 5/8
  1831 | D:2      | Found a faded altar of an unknown god.
  2109 | D:3      | Noticed Natasha
  2125 | D:3      | Killed Natasha
  2239 | D:3      | Noticed Natasha
  2256 | D:3      | HP: 1/35 [Natasha (5)]
  2257 | D:3      | Slain by Natasha

Illustrated notes

Levels and vault maps discovered:
D:1:      minmay_arrival_cross, layout_basic, serial_shops,
          nicolae_shop_crystal, minmay_pentomino_r4
D:2:      layout_loops_ring, shapermc_ecumenical_altar_mp_ritualfount,
          minmay_tall_x, uniq_terence
D:3:      layout_basic, serial_park_tiny_pond, uniq_natasha

Skill      XL: |  1  2  3  4 |
---------------+-------------+-----
Dodging        | 2 |  2.5
Spellcasting   | 3 |  3.2
Fighting       | |  1.1
Stealth        | |  0.2
Unarmed Combat | |  3.8
Transmutations | |  2.4
Poison Magic   | |  0.1

Action                   |  1- 3 |  4- 6 || total
-------------------------+-------+-------++-------
Melee: Unarmed           |    83 |    49 ||   132
       Kick              |    13 |     2 ||    15
       Tailslap          |     5 |     1 ||     6
       Headbutt          |     2 |       ||     2
       Punch             |     1 |       ||     1
Throw: Dart              |     1 |     2 ||     3
 Cast: Beastly Appendage |    14 |     4 ||    18
       Wereblood         |     4 |     1 ||     5
       Spider Form       |     2 |       ||     2
  Use: Scroll            |     3 |     1 ||     4
Armor: Skin              |    25 |    12 ||    37
Dodge: Dodged            |    48 |    24 ||    72
